 Dungeon Crawl Stone Soup version 0.24-a0-525-g9231cdcba1 (webtiles) character file.

Game seed: 3185861621984941836

51 GordonOverkill the Chopper (level 3, -3/29 HPs)
             Began as a Demigod Gladiator on Aug 1, 2019.
             Slain by Grinder (7 damage)
             ... while paralysed by Grinder
             ... on level 3 of the Dungeon.
             The game lasted 00:04:03 (2543 turns).

GordonOverkill the Chopper (Demigod Gladiator)      Turns: 2543, Time: 00:04:04

Health: -3/29      AC: 15    Str: 17 (19) XL:     3   Next: 36%
Magic:  5/5        EV:  2    Int: 11 (12) God:
Gold:   82         SH:  0    Dex: 14 (17) Spells: 2/2 levels left

rFire    . . .     SeeInvis .   u - +1 mace (protect)
rCold    . . .     Gourm    .   (no shield)
rNeg     + . .     Faith    .   n - +0 scale mail
rPois    .         Spirit   .   c - +0 helmet
rElec    .         Reflect  .   e - +0 cloak
rCorr    .         Harm     .   (no gloves)
MR       .....                  (no boots)
Stlth    ..........             (no amulet)
HPRegen  0.09/turn              p - ring of positive energy
MPRegen  0.09/turn              (no ring)

@: paralysed, protection aura
A: high mp 1
a: no special abilities


You were on level 3 of the Dungeon.
You were very hungry.

You visited 1 branch of the dungeon, and saw 3 of its levels.

You collected 82 gold pieces.

Inventory:

Hand Weapons
 a - a +0 war axe
 u - a +1 mace of protection (weapon)
Missiles
 d - 2 throwing nets
 o - 104 stones
 w - 4 boomerangs (quivered)
Armour
 c - a +0 helmet (worn)
 e - a +0 cloak (worn)
 n - a +0 scale mail (worn)
Jewellery
 p - a ring of positive energy (left hand)
Wands
 t - a wand of polymorph (9)
Scrolls
 g - a scroll of remove curse
 l - 2 scrolls of identify
Comestibles
 b - a chunk of flesh
 f - 5 rations


   Skills:
 - Level 2.0 Fighting
 + Level 3.7 Axes
 - Level 2.0 Throwing
 - Level 3.1 Dodging


You had 2 spell levels left.
You didn't know any spells.
Your spell library was empty.

Dungeon Overview and Level Annotations

Branches:
Dungeon (3/15)

Annotations:
D:3 Grinder, Sigmund


Innate Abilities, Weirdness & Mutations

You have an increased reservoir of magic. (+10% MP)


Message History

You are too injured to fight recklessly!
You hit Grinder.
Grinder is moderately wounded.
Grinder closely misses you. Grinder hits you but does no damage.
You are too injured to fight recklessly!
You hit Grinder.
Grinder is moderately wounded.
Grinder closely misses you.
You are too injured to fight recklessly!
You hit Grinder.
Grinder is moderately wounded.
Grinder misses you.
You are too injured to fight recklessly!
You hit Grinder but do no damage.
Grinder is moderately wounded.
Grinder gestures at you.
You suddenly lose the ability to move!
Grinder blinks!
Grinder hits you but does no damage. Grinder hits you!
You die...

###...... ...
#...#... .....#
#...#.#
......###.....#
...$..#...[..#####
......#.#....#...##
........(.........##
............5......#
.........>.@.......#
(#..........<.....#
#..###..........##
..).. #.รท(...#...##
..<..........#####
............#
.##.#.......#
#.........#
#..#......#


You could see Grinder.

Vanquished Creatures
  3 adders (D:2)
  A dart slug (D:1)
  A leopard gecko (D:2)
  A ball python (D:1)
  4 goblins
  2 hobgoblins
  4 kobolds
  2 bats (D:1)
  3 rats
21 creatures vanquished.

Notes
Turn   | Place    | Note
-------+----------+-------------------------------------------
     0 | D:1      | GordonOverkill the Demigod Gladiator began the quest for
                  | the Orb.
     0 | D:1      | Reached XP level 1. HP: 17/17 MP: 3/3
   305 | D:1      | Reached XP level 2. HP: 24/24 MP: 4/4
  1120 | D:2      | Reached XP level 3. HP: 29/29 MP: 5/5
  1476 | D:3      | Noticed Sigmund
  1783 | D:3      | Noticed Grinder
  1788 | D:3      | Paralysed by Grinder for 2 turns
  1858 | D:3      | Paralysed by Grinder for 7 turns
  2046 | D:3      | Paralysed by Grinder for 2 turns
  2541 | D:3      | Paralysed by Grinder for 6 turns
  2543 | D:3      | Slain by Grinder

Levels and vault maps discovered:
D:1:      lightli_arrival_isolated_outpost, layout_basic
D:2:      layout_basic, first_ration
D:3:      layout_rooms, uniq_sigmund, uniq_grinder

Skill      XL: |  1  2 |
---------------+-------+-----
Fighting       | 2 |  2.0
Throwing       | 2 |  2.0
Axes           | 3 |  3.7
Dodging        | 3 |  3.1

Action                   || total
-------------------------++-------
Melee: War axe           ||    49
       Mace              ||    53
Throw: Stone             ||    18
       Throwing net      ||     1
       Boomerang         ||     4
  Use: Scroll            ||     8
       Potion            ||     7
  Eat: Chunk             ||     4
Armor: Leather armour    ||     9
       Scale mail        ||    45
Dodge: Dodged            ||    67

Table legend:
 A = Non-vault XP
 B = Vault XP
 C = Vault XP percentage of total XP
 D = Non-vault monster count
 E = Vault monster count
 F = Vault count percentage of total count
                 A         B        C        D         E       F
            +---------+---------+-------+---------+---------+-------
      Total |      73 |       0 |   0.0 |      21 |       0 |   0.0
            +---------+---------+-------+---------+---------+-------
        D:1 |      19 |       0 |   0.0 |      10 |       0 |   0.0
        D:2 |      46 |       0 |   0.0 |       6 |       0 |   0.0
        D:3 |       8 |       0 |   0.0 |       5 |       0 |   0.0
            +---------+---------+-------+---------+---------+-------
